 Dungeon Crawl Stone Soup version 0.32-a0-711-g016ad743e0 (webtiles) character file.

Game seed: 12557301935093592301

921 ragingrage the Cudgeller (level 8, -1/60 HPs)
             Began as a Coglin Wanderer on Mar 15, 2024.
             Was a Follower of Okawaru.
             Succumbed to a killer bee's poison
             ... on level 5 of the Dungeon.
             The game lasted 00:05:56 (4773 turns).

ragingrage the Cudgeller (Coglin Wanderer)          Turns: 4773, Time: 00:05:57

Health: -1/60      AC:  8    Str:  9    XL:     8   Next: 10%
Magic:  8/8        EV:  8    Int: 13    God:    Okawaru [*.....]
Gold:   215        SH:  0    Dex: 18    Spells: 7/7 levels left

rFire   . . .        m - +1 whip (elec) {Ishpreet}
rCold   . . .        i - +0 whip (elec) {Masaaki}
rNeg    . . .        o - +0 ring mail
rPois   .            q - +0 helmet
rElec   .            (no cloak)
rCorr   .            r - +1 pair of gloves
SInv    .            (no boots)
Will    .....        (amulet unavailable)
Stlth   ++           (ring unavailable)
HPRegen 0.30/turn    (ring unavailable)
MPRegen 0.11/turn    (no gizmo)

%: no passive effects
@: lethally poisoned (-1 -> -13), revved
A: off-hand wielding, slow wielding, warmup strikes, no jewellery
a: Invent Gizmo, Renounce Religion, Heroism


You were on level 5 of the Dungeon.
You worshipped Okawaru.
Okawaru was aware of your devotion.
You visited 2 branches of the dungeon, and saw 6 of its levels.

You collected 215 gold pieces.

Inventory:

Hand Weapons
 a - a +2 dagger {Adela}
 i - a +0 whip of electrocution (offhand) {Masaaki}
 m - a +1 whip of electrocution (weapon) {Ishpreet}
Missiles
 d - 15 boomerangs (quivered)
 s - a throwing net
 A - 2 poisoned darts
Armour
 o - a +0 ring mail (worn)
 q - a +0 helmet (worn)
 r - a +1 pair of gloves (worn)
Scrolls
 b - a scroll of summoning
 e - 4 scrolls of fog
 f - a scroll of fear {unknown}
 g - 2 scrolls of identify
 h - a scroll of amnesia
 j - 5 scrolls of enchant weapon
 n - 2 scrolls of enchant armour {unknown}
 u - a scroll of revelation {unknown}
 v - 2 scrolls of vulnerability {unknown}
 w - 2 scrolls of immolation {unknown}
 y - a scroll of blinking {unknown}
 z - 3 scrolls of noise {unknown}
 B - 2 scrolls of teleportation {unknown}
Potions
 c - 2 potions of degeneration {unknown}
 k - a potion of might {unknown}
 l - a potion of magic {unknown}
 x - a potion of brilliance {unknown}
 C - a potion of lignification {unknown}


   Skills:
 - Level 4.0 Fighting
 - Level 4.0(4.2) Short Blades
 - Level 2.3(3.7) Long Blades
 + Level 4.6 Maces & Flails
 - Level 2.5 Polearms
 - Level 2.6 Throwing
 - Level 1.0 Armour
 - Level 3.2 Stealth


You had 7 spell levels left.
You didn't know any spells.
Your spell library contained the following spells:

 Spells                   Type           Power      Damage    Failure   Level
 Necrotise                Necr           0%         1d4       65%         1
 Lesser Beckoning         Tloc           0%         N/A       78%         2
 Gell's Gravitas          Tloc           0%         N/A       95%         3
 Teleport Other           Tloc           0%         N/A       95%         3
 Vampiric Draining        Necr           0%         2d6       95%         3
 Curse of Agony           Necr           0%         N/A       100%        5
 Martyr's Knell           Necr/Summ      Unusable   N/A       N/A         4

Dungeon Overview and Level Annotations

Branches:
Dungeon (5/15)             Temple (1/1) D:5

Altars:
Cheibriados
Dithmenos
Elyvilon
Fedhas
Hepliaklqana
Okawaru
Qazlal
Ru
Sif Muna
Uskayaw
Wu Jian
Yredelemnul
Zin
The Shining One


Innate Abilities, Weirdness & Mutations

You can wield a second weapon in your off-hand.
It takes a long time for you to wield or remove held weapons.
Your first few attacks do less damage.
You cannot equip rings or amulets.


Message History

You closely miss the killer bee with your +0 whip of electrocution.
You feel sick. The killer bee stings you.
The killer bee stings you but does no damage.
You hit the killer bee with your +0 whip of electrocution.
You hit the killer bee with your +1 whip of electrocution.
You feel sick. The killer bee completely misses you.
The killer bee barely misses you.
You miss the killer bee with your +0 whip of electrocution.
You barely miss the killer bee with your +1 whip of electrocution.
You feel sick. The killer bee closely misses you.
The killer bee stings you but does no damage.
You closely miss the killer bee with your +1 whip of electrocution.
You hit the killer bee but do no damage.
You feel sick. The killer bee barely misses you.
You hit the killer bee but do no damage.
Lightning courses through the killer bee!
You kill the killer bee!
Okawaru accepts your kill.
You feel sick. The killer bee stings you.
* * * LOW HITPOINT WARNING * * *
You closely miss the killer bee with your +0 whip of electrocution.
You barely miss the killer bee with your +1 whip of electrocution.
The killer bee stings you.
* * * LOW HITPOINT WARNING * * *
The killer bee stings you.
* * * LOW HITPOINT WARNING * * *
You are more poisoned.
The killer bee poisons you!
You hit the killer bee with your +1 whip of electrocution.
You miss the killer bee with your +0 whip of electrocution.
* * * LOW HITPOINT WARNING * * *
You feel sick. The killer bee stings you.
* * * LOW HITPOINT WARNING * * *
The killer bee stings you.
* * * LOW HITPOINT WARNING * * *
You are more poisoned.
The killer bee poisons you!
You hit the killer bee with your +0 whip of electrocution.
You barely miss the killer bee with your +1 whip of electrocution.
You die...

## #.. ##.. #>.#
#.. .. #5# # ...
#y# .## ....
#@#####..##
....###'#........
.................
##...............
#...............
#...............
######.##########.
######### #.# #..
#.......#
#.######## #...


You could see a killer bee and a shadow imp.

Vanquished Creatures
  Menkaure (D:5)
  A phantom (D:5)
  A scorpion (D:5)
  2 killer bees (D:5)
  An orc priest (D:5)
  A hound (D:4)
  Jessica (D:3)
  An iguana (D:4)
  2 sleepcaps
  An orc wizard (D:5)
  Terence (D:3)
  Robin (D:4)
  11 gnolls
  11 adders
  A shadow imp (D:5)
  2 ufetubi (D:5)
  3 dart slugs
  3 ribbon worms
  15 orcs
  3 ball pythons
  5 bats
  7 endoplasms
  7 giant cockroaches
  15 goblins
  6 hobgoblins
  4 quokkas
  12 frilled lizards (D:1)
  10 kobolds
  4 rats
133 creatures vanquished.

Notes
Turn   | Place    | Note
-------+----------+-------------------------------------------
     0 | D:1      | ragingrage the Coglin Wanderer began the quest for the Orb.
     0 | D:1      | ragingrage set off with the following items: a +2 dagger
                  | {Adela}, a scroll of summoning, a +0 spear {Chun}, 7
                  | boomerangs, a +0 dagger {Narong}, a potion of heal wounds,
                  | a +0 robe, a +0 dagger {Francisco}.
     0 | D:1      | Reached XP level 1. HP: 15/15 MP: 1/1
   232 | D:1      | Reached XP level 2. HP: 21/21 MP: 2/2
   962 | D:2      | Reached XP level 3. HP: 26/26 MP: 3/3
  1090 | D:2      | Reached skill level 1 in Short Blades
  1354 | D:2      | Found a blossoming altar of Fedhas.
  1658 | D:2      | Reached XP level 4. HP: 32/32 MP: 4/4
  1760 | D:3      | Noticed Jessica
  1805 | D:3      | Killed Jessica
  1862 | D:3      | Reached XP level 5. HP: 37/37 MP: 5/5
  1911 | D:3      | You fall into a shaft and drop 1 floor!
  2233 | D:3      | Noticed Terence
  2241 | D:3      | Killed Terence
  2266 | D:3      | Reached XP level 6. HP: 44/44 MP: 6/6
  2808 | D:4      | Noticed Robin
  2877 | D:4      | Killed Robin
  3445 | D:5      | Entered Level 5 of the Dungeon
  3446 | D:5      | Found a staircase to the Ecumenical Temple.
  3461 | Temple   | Entered the Ecumenical Temple
  3466 | Temple   | Became a worshipper of Warmaster Okawaru
  3624 | D:5      | Found a basalt altar of Yredelemnul.
  3634 | D:5      | Reached skill level 1 in Long Blades
  3634 | D:5      | Reached XP level 7. HP: 54/54 MP: 7/7
  3718 | D:5      | Found a shimmering blue altar of Sif Muna.
  4214 | D:5      | Reached skill level 1 in Maces & Flails
  4481 | D:5      | Noticed Menkaure
  4533 | D:5      | Killed Menkaure
  4723 | D:5      | Found a sacrificial altar of Ru.
  4761 | D:5      | Reached * piety under Okawaru
  4762 | D:5      | Reached XP level 8. HP: 47/60 MP: 8/8
  4772 | D:5      | HP: 3/60 [killer bee (4)]
  4772 | D:5      | HP: 1/60 [killer bee (2)]
  4773 | D:5      | Succumbed to a killer bee's poison

Illustrated notes

Levels and vault maps discovered:
D:1:      minmay_arrival_jagged, layout_basic, minmay_lizard_king
D:2:      layout_loops_ring, basic_altar
D:3:      layout_rooms, roderic_lattice_a, uniq_jessica, uniq_terence
D:4:      layout_cave_pods, reono_crystal_passage, uniq_robin
D:5:      layout_basic, mainiacjoe_overflow_catwalk, lemuel_crystal_altar,
          nicolae_sif_muna_little_library, minmay_temple_entry_trees,
          serial_library_hellmonk_secret_room, uniq_crazy_yiuf_cottage,
          uniq_menkaure
Temple:   minmay_freezing_vapour_temple

Skill      XL: |  1  2  3  4  5  6  7 |
---------------+----------------------+-----
Polearms       | 2 |  2.5
Short Blades   | 2 3 4 |  4.0
Fighting       | 2 4 |  4.0
Long Blades    | 1 2 |  2.3
Maces & Flails | 4 |  4.6
Throwing       | |  2.6
Armour         | |  1.0
Stealth        | |  3.2

Action                     |  1- 3 |  4- 6 |  7- 9 || total
---------------------------+-------+-------+-------++-------
  Melee: Spear             |    93 |    11 |       ||   104
         Dagger            |    79 |   150 |    32 ||   261
         Whip              |       |   143 |   146 ||   289
  Throw: Boomerang         |       |       |     6 ||     6
         Throwing net      |       |       |     1 ||     1
    Use: Potion            |       |     2 |     3 ||     5
         Scroll            |       |       |     4 ||     4
   Stab: Sleeping          |     8 |     2 |     1 ||    11
         Held in net/web   |       |       |     1 ||     1
 Armour: Robe              |    12 |       |       ||    12
         Ring mail         |    29 |   130 |    69 ||   228
  Dodge: Dodged            |    36 |    80 |    51 ||   167

Table legend: (Time is in decaauts)
 A = Elapsed time spent in this place.
 B = Non-inter-level travel time spent in this place.
 C = Inter-level travel time spent in this place.
 D = Time resting spent in this place.
 E = Time spent auto-exploring this place.
 F = Levels seen in this place.
 G = Mean time per level.
                   A        B        C        D        E       F      G
               +--------+--------+--------+--------+--------+-----+--------+
         Total |   4738 |   4449 |    289 |    669 |   2707 |   6 |  789.7 |
       Dungeon |   4727 |   4447 |    280 |    669 |   2707 |   5 |  945.4 |
        Temple |     10 |      1 |      9 |      0 |      0 |   1 |   10.0 |
               +--------+--------+--------+--------+--------+-----+--------+

Top non-repeatable levels by time:
     D:5: 1156 daAuts
     D:4: 1091 daAuts
     D:1: 1009 daAuts
     D:2: 787 daAuts
     D:3: 682 daAuts
  Temple: 10 daAuts
